 Dungeon Crawl Stone Soup version 0.29.0-5-ge4962eb29e (webtiles) character file.

Game seed: 12052953312958554259

26118 freelancePsychic the Protected (level 13, -5/106 HPs)
             Began as a Gnoll Conjurer on Aug 29, 2022.
             Was an Elder of Ashenzari.
             Slain by a death scarab (26 damage)
             ... in a Gauntlet.
             The game lasted 00:36:56 (17833 turns).

freelancePsychic the Protected (Gnoll Conjurer)    Turns: 17833, Time: 00:36:56

Health: -5/106     AC: 12    Str:  8    XL:     13   Next: 23%
Magic:  0/34       EV: 15    Int: 20    God:    Ashenzari [****..]
Gold:   62         SH:  7    Dex: 12    Spells: 18/37 levels left

rFire   + + .      SeeInvis +   c - +1 dagger "Sidereal Omen" {elec, Melee, Alch} (curse)
rCold   + . .      Faith    .   I - +0 buckler {rC+ rF+}
rNeg    . . .      Spirit   +   W - +4 moon troll leather armour {Spirit, Regen++ MP+5, Bglg, Self} (curse)
rPois   +          Reflect  .   (no helmet)
rElec   .          Harm     .   (no cloak)
rCorr   .          Rampage  .   (no gloves)
Will    .....      Clarity  +   t - +0 pair of boots of Ashenzari's Visionary {Elem, Fort} (curse)
Stlth   ++++...... NoTele   +   y - amulet "Eternal Stickiness" {Regen+, Bglg, Self} (curse)
HPRegen 2.67/turn               n - ring of Supernal Wisdom {rPois, Fort, Alch} (curse)
MPRegen 0.24/turn               h - ring "Ruined Fallacy" {rF+, Fort, Cun} (curse)

@: slowed, studying 2 skills, very slow
A: fangs 1, strong nose, distributed training
a: Renounce Religion, Shatter the Chains


You were in a Gauntlet.
You worshipped Ashenzari.
Ashenzari was greatly pleased with you.
You visited 3 branches of the dungeon, and saw 15 of its levels.
You also visited: Bailey, Gauntlet and Ice Cave.

You collected 716 gold pieces.
You spent 654 gold pieces at shops.

Inventory:

Hand Weapons
 b - the +8 halberd of Waywejiw {flame, rF+}
   (You found it on level 8 of the Dungeon)

   It burns those it strikes, dealing additional fire damage.
   Big, fiery blades are also staple armaments of hydra-hunters.
   rF:        It protects you from fire.
 c - the cursed +1 dagger "Sidereal Omen" (weapon) {elec, Melee, Alch}
   (You found it on level 8 of the Dungeon)

   It occasionally discharges a powerful burst of electricity upon striking a
   foe.
   It has a curse which improves the following skills: Melee Combat: Short
   Blades, Long Blades, Axes, Maces & Flails, Polearms, Staves and Unarmed
   Combat.
   Alchemy:   Poison Magic and Transmutations.
 d - a +0 dagger of draining
 r - a +0 dagger
 U - a +0 broad axe
Missiles
 m - 33 poisoned darts
 B - 10 boomerangs (quivered)
 H - 2 throwing nets
Armour
 a - a +0 leather armour of resistance
 t - the cursed +0 pair of boots of Ashenzari's Visionary (worn) {Elem, Fort}
   (You found it on level 4 of the Dungeon)

   It has a curse which improves the following skills: Elements: Fire Magic, Ice
   Magic, Air Magic and Earth Magic.
   Fortitude: Armour and Shields.
 I - a +0 buckler of resistance (worn)
 V - +0 swamp dragon scales
 W - the cursed +4 moon troll leather armour (worn) {Spirit, Regen++ MP+5, Bglg, Self}
   (You bought it in a shop on level 5 of the Dungeon)

   MP:        It affects your magic capacity (+5).
   Regen:     It increases your rate of health regeneration.
   It has a curse which improves the following skills: Beguiling: Conjurations,
   Hexes and Translocations.
   Introspection: Fighting and Spellcasting.
Magical Staves
 v - a staff of poison
Jewellery
 e - a ring of fire
 g - a +4 ring of evasion
 h - the cursed ring "Ruined Fallacy" (right hand) {rF+, Fort, Cun}
   (You found it on level 1 of the Dungeon)

   [ring of protection from fire]

   rF:        It protects you from fire.
   It has a curse which improves the following skills: Fortitude: Armour and
   Shields.
   Cunning:   Dodging and Stealth.
 n - the cursed ring of Supernal Wisdom (left hand) {rPois, Fort, Alch}
   (You found it on level 4 of the Dungeon)

   [ring of poison resistance]

   rPois:     It protects you from poison.
   It has a curse which improves the following skills: Fortitude: Armour and
   Shields.
   Alchemy:   Poison Magic and Transmutations.
 y - the cursed amulet "Eternal Stickiness" (around neck) {Regen+, Bglg, Self}
   (You found it on level 6 of the Dungeon)

   [amulet of regeneration]

   Regen:     It increases your rate of health regeneration.
   It has a curse which improves the following skills: Beguiling: Conjurations,
   Hexes and Translocations.
   Introspection: Fighting and Spellcasting.
 z - a ring of see invisible
 O - a ring of flight
 Q - an amulet of the acrobat
 R - a +4 ring of protection
 S - a ring of protection from cold
 X - a ring of positive energy
Wands
 q - a wand of flame (52)
 s - a wand of mindburst (13)
 C - a wand of roots (20)
 L - a wand of charming (16)
 P - a wand of quicksilver (5)
Scrolls
 f - a scroll of enchant weapon
 k - a scroll of butterflies
 p - 5 scrolls of fear
 u - 2 scrolls of teleportation {@r4}
 A - 2 scrolls of poison
 F - 2 scrolls of amnesia
 G - a scroll of magic mapping
 M - 7 scrolls of identify {@r1}
Potions
 i - 3 potions of cancellation
 j - a potion of magic
 l - 2 potions of attraction
 w - 3 potions of mutation
 x - a potion of flight
 D - a potion of haste {@q3}
 E - a potion of might
 K - a potion of berserk rage
 N - a potion of brilliance
Miscellaneous
 o - a lightning rod (4/4)


   Skills:
 + Level 8.4(11.4) Fighting
 + Level 8.4(10.4) Short Blades
 + Level 8.4(10.4) Long Blades
 + Level 9.2(11.1) Axes
 + Level 8.4(10.4) Maces & Flails
 + Level 8.4(10.4) Polearms
 + Level 8.4(10.4) Staves
 + Level 8.4 Ranged Weapons
 + Level 8.4 Throwing
 + Level 11.3(15.2) Armour
 + Level 9.6(11.6) Dodging
 + Level 9.4(11.4) Stealth
 + Level 8.4(12.3) Shields
 + Level 8.4(10.4) Unarmed Combat
 + Level 9.8(12.8) Spellcasting
 + Level 10.0(13.0) Conjurations
 + Level 7.0(10.0) Hexes
 + Level 7.0 Summonings
 + Level 7.0 Necromancy
 + Level 7.0(10.0) Translocations
 + Level 7.0(10.0) Transmutations
 + Level 7.0(9.0) Fire Magic
 + Level 7.0(9.0) Ice Magic
 + Level 7.0(9.0) Air Magic
 + Level 7.0(9.0) Earth Magic
 + Level 7.0(10.0) Poison Magic
 + Level 9.2 Invocations
 + Level 8.4 Evocations


You had 18 spell levels left.
You knew the following spells:

 Your Spells              Type           Power      Damage    Failure   Level
a - Magic Dart            Conj           100%       1d8       1%          1
b - Searing Ray           Conj           100%       2d8       1%          2
c - Dazzling Flash        Conj/Hex       100%       N/A       1%          3
d - Iskenderun's Mystic   Conj/Tloc      56%        2d12      1%          4
e - Fulminant Prism       Conj/Hex       28%        3d14      1%          4
f - Manifold Assault      Tloc           52%        N/A       3%          5

Your spell library contained the following spells:

 Spells                   Type           Power      Damage    Failure   Level
 Blink                    Tloc           100%       N/A       1%          2
 Gell's Gravitas          Tloc           52%        N/A       1%          3
 Lesser Beckoning         Tloc           52%        N/A       1%          3
 Teleport Other           Tloc           52%        N/A       1%          3
 Storm Form               Tmut/Air       25%        N/A       78%         7


Dungeon Overview and Level Annotations

Branches:
Dungeon (11/15)            Temple (1/1) D:5            Lair (3/5) D:10
  Swamp (0/4) Lair:2       Spider (0/4) Lair:2       Bailey (visited)
  IceCv (visited)         Gauntlet (1/1)
    Orc: D:9-12

Altars:
Ashenzari
Cheibriados
Dithmenos
Elyvilon
Fedhas
Gozag
Hepliaklqana
Kikubaaqudgha
Makhleb
Nemelex Xobeh
Okawaru
Qazlal
Ru
Sif Muna
Trog
Uskayaw
Vehumet
Wu Jian
Xom
Yredelemnul
Zin
The Shining One

Shops:
D:5 [

Annotations:
D:6 1 runed translucent door
D:7 1 runed translucent door, odiv's ghost, novice DsWn
D:8 exclusion: acid dragon Gauntlet 7 transporters, exclusion: obsidian statue


Innate Abilities, Weirdness & Mutations

You have very sharp teeth.
Your uncanny sense of smell can sniff out nearby items.
Your experience applies equally to all skills.


Message History

The death scarab is heavily damaged.
The death scarab misses you. The death scarab bites you!
The death scarab draws strength from your injuries!
The death scarab closely misses you. The death scarab bites you!!
* * * LOW HITPOINT WARNING * * *
The death scarab drains your vigour!
You feel as though you will be slow longer.
The death scarab draws strength from your injuries!
Blink to where?
Press: ? - help, Dir - move target
As you read the scroll of blinking, it crumbles to dust.
The spectral black mamba bites you.
* * * LOW HITPOINT WARNING * * *
Casting: Iskenderun's Mystic Blast (mildly dangerous; 1% risk of failure)
Confirm with . or Enter, or press ? or * to list all spells.
You don't know that spell.
Unknown command.
Casting: Iskenderun's Mystic Blast (mildly dangerous; 1% risk of failure)
Confirm with . or Enter, or press ? or * to list all spells.
You erupt in a blast of force!
The mystic blast hits the spectral death yak.
The spectral death yak is moderately damaged.
The spectral death yak is knocked back by the mystic blast.
The mystic blast hits the spectral black mamba!
The spectral black mamba is moderately damaged.
The spectral black mamba is knocked back by the mystic blast.
The death scarab bites you!
* * * LOW HITPOINT WARNING * * *
The death scarab drains your vigour!
You feel as though you will be slow longer.
The death scarab draws strength from your injuries!
You block the death scarab's attack.
Okay, then.
Okay, then.
As you read the scroll of summoning, it crumbles to dust.
Wisps of shadow whirl around you... The death scarab bites your boggart!!
Your boggart dies!
Your boggart dissolves into shadows!
The death scarab bites you!!
You die...

,*#. *##..##.####
#.####[..#.#...
...*#§..###....##.#..#!.##.##..
#..###..#©######..#..#.##...##.
#....#..##........#..#........h
#...©#..###########..##########
,
.....#.........................
#....#.∩.......................
#...©#..#########..#########..#
,
#....#..#[ZB.Z@g#..#..8#8..#..#
...###..#!##g##B#..#...8...#..#
*#..*#≈..##.Z#.g#####..8.8.8####
#. ##..#©##©##.#©©#©8.©.8##©©# *
*#≈..##..#..#####..8.8.8####
***##..#$##.##.#..#...8...#..#
#§..#....Z..#..#..8#8..#..#
##..#########..#########..#
#≈.........................


You could see 2 spectral black mambas, a spectral death yak, 2 death scarabs and
3 friendly boggarts.

Vanquished Creatures
  2 hydras (Lair:2)
  A two-headed ogre (D:11)
  An orc high priest (D:10)
  A glowing orange brain (D:10)
  2 bog bodies (IceCv)
  2 ugly things
  An ice statue (IceCv)
  A guardian serpent (D:11)
  4 cane toads
  A black mamba (Lair:2)
  A gargoyle (D:11)
  Maggie (Lair:1)
  4 rime drakes
  An unseen horror (D:10)
  3 ice devils
  2 komodo dragons
  2 trolls
  A polar bear (Lair:2)
  7 blink frogs (Lair:2)
  4 slime creatures
  A dire elephant simulacrum (IceCv)
  2 wraiths
  A basilisk (Lair:2)
  25 yaks
  2 steam dragons (D:8)
  4 death yak simulacra (IceCv)
  3 harpy simulacra (IceCv)
  3 swamp worms (Lair:2)
  2 water moccasins
  9 orc warriors
  A sky beast (D:7)
  2 black bears
  2 ice beasts
  5 wolves (Lair:1)
  5 centaurs
  4 phantoms
  9 kobold brigands
  11 bullfrogs
  2 necrophages
  A scorpion (D:5)
  2 gnoll sergeants (D:9)
  2 cane toad simulacra (IceCv)
  5 two-headed ogre simulacra (IceCv)
  7 wights
  15 killer bees
  4 elephant simulacra (IceCv)
  5 electric eels (D:10)
  9 howler monkeys
  3 jellies
  2 hounds
  2 gnoll boudas
  10 orc priests
  10 iguanas
  9 orc wizards
  8 troll simulacra (IceCv)
  6 spriggan simulacra (IceCv)
  6 gnolls (D:9)
  3 adders
  4 naga simulacra (IceCv)
  8 white imps
  5 ufetubi
  A worm (D:5)
  A dart slug (D:3)
  31 orcs
  6 endoplasms
  6 giant cockroaches
  6 goblins
  7 hobgoblins
  2 jackals (D:5)
  2 quokkas (D:1)
  4 ball pythons
  2 bats
  3 frilled lizards
  33 kobolds
  4 rats
369 creatures vanquished.

Vanquished Creatures (others)
  A kobold (D:6)
  30 fulminant prisms
  6 fungi
  97 plants
134 creatures vanquished.

Grand Total: 503 creatures vanquished

Notes
Turn   | Place    | Note
-------+----------+-------------------------------------------
     0 | D:1      | freelancePsychic the Gnoll Conjurer began the quest for the
                  | Orb.
     0 | D:1      | Reached XP level 1. HP: 13/13 MP: 6/6
   227 | D:1      | Reached XP level 2. HP: 19/19 MP: 5/7
   302 | D:1      | Learned a level 2 spell: Searing Ray
   764 | D:1      | Found a faded altar of an unknown god.
   769 | D:1      | Reached skill level 5 in Spellcasting
   769 | D:1      | Reached XP level 3. HP: 25/25 MP: 4/9
  2025 | D:3      | Reached skill level 1 in Invocations
  2163 | D:3      | Found a sacrificial altar of Ru.
  2168 | D:3      | Reached skill level 1 in Fighting
  2168 | D:3      | Reached skill level 1 in Short Blades
  2168 | D:3      | Reached skill level 1 in Long Blades
  2168 | D:3      | Reached skill level 1 in Axes
  2168 | D:3      | Reached skill level 1 in Maces & Flails
  2168 | D:3      | Reached skill level 1 in Polearms
  2168 | D:3      | Reached skill level 1 in Staves
  2168 | D:3      | Reached skill level 1 in Ranged Weapons
  2168 | D:3      | Reached skill level 1 in Throwing
  2168 | D:3      | Reached skill level 1 in Armour
  2168 | D:3      | Reached skill level 1 in Shields
  2168 | D:3      | Reached skill level 1 in Unarmed Combat
  2168 | D:3      | Reached skill level 1 in Evocations
  2202 | D:3      | Found a hide-covered altar of Uskayaw.
  2203 | D:3      | Found an ancient bone altar of Kikubaaqudgha.
  2203 | D:3      | Found a bloodstained altar of Trog.
  2219 | D:3      | You fall into a shaft and drop 1 floor!
  2876 | D:5      | Entered Level 5 of the Dungeon
  2878 | D:5      | Reached skill level 1 in Hexes
  2878 | D:5      | Reached skill level 1 in Summonings
  2878 | D:5      | Reached skill level 1 in Necromancy
  2878 | D:5      | Reached skill level 1 in Translocations
  2878 | D:5      | Reached skill level 1 in Transmutations
  2878 | D:5      | Reached skill level 1 in Fire Magic
  2878 | D:5      | Reached skill level 1 in Ice Magic
  2878 | D:5      | Reached skill level 1 in Air Magic
  2878 | D:5      | Reached skill level 1 in Earth Magic
  2878 | D:5      | Reached skill level 1 in Poison Magic
  2878 | D:5      | Reached XP level 4. HP: 32/32 MP: 11/11
  2983 | D:5      | Reached XP level 5. HP: 37/37 MP: 6/12
  2987 | D:5      | Learned a level 3 spell: Dazzling Flash
  3289 | D:5      | Noticed a centaur
  3299 | D:5      | Killed a centaur
  3300 | D:5      | Reached skill level 5 in Dodging
  3300 | D:5      | Reached XP level 6. HP: 10/44 MP: 8/14
  3306 | D:5      | Reached skill level 2 in Armour
  3314 | D:5      | Noticed an ice beast
  3476 | D:5      | Found a shimmering blue altar of Sif Muna.
  3528 | D:5      | Found a glowing silver altar of Zin.
  3609 | D:5      | Killed an ice beast
  3610 | D:5      | Reached XP level 7. HP: 50/50 MP: 12/15
  3823 | D:5      | Found Funy's Armour Boutique.
  4133 | D:5      | Reached skill level 5 in Stealth
  4246 | D:5      | Found a staircase to the Ecumenical Temple.
  4342 | Temple   | Entered the Ecumenical Temple
  4778 | D:6      | Found a runed translucent door.
  4778 | D:6      | Noticed a human
  5198 | D:6      | Noticed a yak
  5264 | D:6      | Learned a level 4 spell: Fulminant Prism
  5269 | D:6      | Learned a level 4 spell: Iskenderun's Mystic Blast
  5346 | D:6      | Reached skill level 3 in Armour
  5454 | D:6      | Found a basalt altar of Yredelemnul.
  5545 | D:6      | Reached XP level 8. HP: 55/56 MP: 12/16
  6225 | D:3      | Found a sparkling altar of Nemelex Xobeh.
  6877 | D:7      | Found an ancient bone altar of Kikubaaqudgha.
  6972 | D:7      | Reached skill level 4 in Armour
  7160 | D:7      | Reached XP level 9. HP: 45/65 MP: 14/18
  7380 | D:7      | Found a blossoming altar of Fedhas.
  7656 | D:7      | Reached skill level 5 in Armour
  7751 | D:7      | Found a runed translucent door.
  7754 | D:7      | Noticed odiv's ghost (novice DsWn)
  7754 | D:7      | Noticed a cyclops
  7831 | D:7      | Found a burning altar of Makhleb.
  8070 | D:7      | Found a shimmering blue altar of Sif Muna.
  8486 | D:8      | Reached skill level 5 in Invocations
  8508 | D:8      | Found a flagged portal.
  8531 | Bailey   | Entered a bailey
  8805 | Bailey   | Reached skill level 6 in Armour
  8954 | Bailey   | Reached skill level 5 in Fighting
  8954 | Bailey   | Reached skill level 5 in Short Blades
  8954 | Bailey   | Reached skill level 5 in Long Blades
  8954 | Bailey   | Reached skill level 5 in Axes
  8954 | Bailey   | Reached skill level 5 in Maces & Flails
  8954 | Bailey   | Reached skill level 5 in Polearms
  8954 | Bailey   | Reached skill level 5 in Staves
  8954 | Bailey   | Reached skill level 5 in Ranged Weapons
  8954 | Bailey   | Reached skill level 5 in Throwing
  8954 | Bailey   | Reached skill level 5 in Shields
  8954 | Bailey   | Reached skill level 5 in Unarmed Combat
  8954 | Bailey   | Reached skill level 5 in Evocations
  8954 | Bailey   | Reached XP level 10. HP: 33/74 MP: 18/20
  9024 | Bailey   | Found a burning altar of Makhleb.
  9293 | D:8      | Identified the +8 halberd of Waywejiw {flame, rF+}
  9348 | D:8      | Found Nulafeuc's General Store.
  9554 | D:8      | Found a broken altar of Ashenzari.
  9559 | D:8      | Became a worshipper of Ashenzari the Shackled
  9897 | D:9      | Found a radiant altar of Vehumet.
  9991 | D:9      | Found an opulent altar of Gozag.
 10065 | D:9      | Reached skill level 7 in Armour
 10160 | D:9      | Noticed a centaur warrior
 10578 | D:9      | Learned a level 5 spell: Manifold Assault
 10645 | D:9      | Found a white marble altar of Elyvilon.
 11283 | D:6      | Reached skill level 5 in Hexes
 11283 | D:6      | Reached skill level 5 in Summonings
 11283 | D:6      | Reached skill level 5 in Necromancy
 11283 | D:6      | Reached skill level 5 in Translocations
 11283 | D:6      | Reached skill level 5 in Transmutations
 11283 | D:6      | Reached skill level 5 in Fire Magic
 11283 | D:6      | Reached skill level 5 in Ice Magic
 11283 | D:6      | Reached skill level 5 in Air Magic
 11283 | D:6      | Reached skill level 5 in Earth Magic
 11283 | D:6      | Reached skill level 5 in Poison Magic
 11283 | D:6      | Reached XP level 11. HP: 79/81 MP: 13/22
 11810 | D:10     | Entered Level 10 of the Dungeon
 11818 | D:9      | Reached * piety under Ashenzari
 11883 | D:10     | Reached skill level 8 in Armour
 12275 | D:10     | Noticed an orc high priest
 12275 | D:10     | Noticed a brown ugly thing
 12275 | D:10     | Noticed a glowing orange brain
 12288 | D:10     | Killed an orc high priest
 12292 | D:10     | Killed a brown ugly thing
 12295 | D:10     | Killed a glowing orange brain
 12354 | D:10     | Found a staircase to the Lair.
 12448 | D:10     | Reached skill level 9 in Armour
 12699 | D:10     | Found a hazy altar of Hepliaklqana.
 12927 | D:11     | Noticed a skeletal warrior
 12927 | D:11     | Noticed a skeletal warrior
 12938 | D:11     | Reached ** piety under Ashenzari
 12948 | D:11     | Noticed a purple ugly thing
 12984 | D:11     | Killed a purple ugly thing
 13267 | D:11     | Noticed a skeletal warrior
 13392 | D:11     | Noticed a two-headed ogre
 13400 | D:11     | Killed a two-headed ogre
 13401 | D:11     | Reached XP level 12. HP: 94/94 MP: 22/26
 13424 | D:11     | Found a frozen archway.
 13506 | IceCv    | Entered an ice cave
 14274 | IceCv    | Reached skill level 10 in Armour
 14983 | Lair:1   | Entered Level 1 of the Lair of Beasts
 15299 | Lair:1   | Noticed Maggie
 15315 | Lair:1   | Killed Maggie
 15389 | Lair:1   | Reached *** piety under Ashenzari
 15717 | D:5      | Bought the +4 moon troll leather armour {Spirit, Regen++
                  | MP+5} for 654 gold pieces
 15717 | D:5      | Found the +4 moon troll leather armour {Spirit, Regen++
                  | MP+5}
 16467 | Lair:2   | Found a hazy altar of Hepliaklqana.
 16629 | Lair:2   | Found a hole to the Spider Nest.
 16689 | Lair:2   | Reached skill level 11 in Armour
 16689 | Lair:2   | Reached XP level 13. HP: 97/103 MP: 23/28
 16804 | Lair:2   | Reached skill level 10 in Conjurations
 17418 | Lair:2   | Found a staircase to the Swamp.
 17568 | Lair:3   | Found a gate leading to a gauntlet.
 17574 | Gauntlet | Entered a Gauntlet
 17574 | Gauntlet | Found a transporter.
 17574 | Gauntlet | Found a transporter.
 17587 | Gauntlet | Found a transporter.
 17587 | Gauntlet | Found a transporter.
 17595 | Gauntlet | Found a transporter.
 17598 | Gauntlet | Found a transporter.
 17606 | Gauntlet | Found a transporter.
 17615 | Gauntlet | Identified the +0 pair of gloves of the Leaf {rPois Will+}
 17621 | Gauntlet | Found a transporter.
 17643 | Gauntlet | Found a transporter.
 17644 | Gauntlet | Found a transporter.
 17656 | Gauntlet | Found a transporter.
 17657 | Gauntlet | Found a transporter.
 17708 | Gauntlet | Reached **** piety under Ashenzari
 17833 | Gauntlet | Slain by a death scarab

Illustrated notes

Levels and vault maps discovered:
D:1:      onia_arrival_mini_spirals, layout_basic,
          shapermc_ecumenical_altar_ellora
D:2:      layout_loops_ring, serial_forest, infiniplex_forest_lined_3,
          infiniplex_forest_lined_1, infiniplex_forest_join,
          infiniplex_forest_straight_4, infiniplex_forest_lined_room_2,
          infiniplex_forest_end_2, infiniplex_forest_pool
D:3:      layout_basic, mainiacjoe_overflow_boulevard,
          grunt_temple_overflow_open
D:4:      layout_cave_pools
D:5:      layout_basic, mainiacjoe_overflow_swirl,
          minmay_temple_entry_enclosed_plants, serial_shops,
          kennysheep_mini_moat, grunt_ministairs_12
D:6:      kennysheep_kobold_camp, layout_basic, dk_yredelemnul_ordeal,
          minmay_manual_moon
D:7:      layout_loops_ring, mainiacjoe_overflow_cross_hatched,
          makhleb_blood_cavern_becter, ebering_ghost_inner_flame,
          hangedman_feature_mirror
D:8:      layout_layer_cave, mainiacjoe_overflow_six_doors_small,
          enter_bailey_6, serial_shops, shop
D:9:      layout_roguey, nicolae_gozag_seed_capital, mainiacjoe_overflow_paths,
          vehumet_crystals, minmay_mirror_moons_of_madness
D:10:     layout_basic, lemuel_tele_altar, david_lair_shrubbed, minivault_25_ag
D:11:     nrook_guardian_serpent_snake_passage, layout_small_grid, orc_0_dummy,
          portal_ice_cave_demonic_guard, uniq_erolcha
Temple:   nicolae_temple_little_seven
Lair:1:   layout_regular_city, st_stairs_4, lemuel_fruit_fields, uniq_maggie
Lair:2:   layout_chaotic_city, palyth_hydra_swamp_entry,
          spider_nest_entry_web_field, basic_altar
Lair:3:   layout_regular_city, gauntlet_entry_generic, fungi_pond_lemuel,
          serial_bayou_shore_b, serial_bayou_shore_b, uniq_kirke
Gauntlet: minmay_gauntlet_mixed_big_or_small
          [gammafunk_gauntlet_arena_arrow_garden,
          minmay_gauntlet_arena_77_chump_sandwich,
          gammafunk_gauntlet_arena_split_x,
          minmay_gauntlet_arena_77_terracotta_army,
          gammafunk_gauntlet_arena_spirals, minmay_gauntlet_arena_77_braids,
          gauntlet_exit_watery]

Skill      XL: |  1  2  3  4  5  6  7  8  9 10 11 12 13 |
---------------+----------------------------------------+-----
Spellcasting   | 5 6 7 8 9 |  9.8
Invocations    | 1 2 3 4 5 6 7 8 9 |  9.2
Fighting       | 1 2 3 5 6 7 8 |  8.4
Short Blades   | 1 2 3 5 6 7 8 |  8.4
Long Blades    | 1 2 3 5 6 7 8 |  8.4
Axes           | 1 2 3 5 6 7 8 9 |  9.2
Maces & Flails | 1 2 3 5 6 7 8 |  8.4
Polearms       | 1 2 3 5 6 7 8 |  8.4
Staves         | 1 2 3 5 6 7 8 |  8.4
Ranged Weapons | 1 2 3 5 6 7 8 |  8.4
Throwing       | 1 2 3 5 6 7 8 |  8.4
Armour         | 1 2 3 4 6 7 9 11 | 11.3
Shields        | 1 2 3 5 6 7 8 |  8.4
Unarmed Combat | 1 2 3 5 6 7 8 |  8.4
Evocations     | 1 2 3 5 6 7 8 |  8.4
Hexes          | 1 2 3 4 5 6 7 |  7.0
Summonings     | 1 2 3 4 5 6 7 |  7.0
Necromancy     | 1 2 3 4 5 6 7 |  7.0
Translocations | 1 2 3 4 5 6 7 |  7.0
Transmutations | 1 2 3 4 5 6 7 |  7.0
Fire Magic     | 1 2 3 4 5 6 7 |  7.0
Ice Magic      | 1 2 3 4 5 6 7 |  7.0
Air Magic      | 1 2 3 4 5 6 7 |  7.0
Earth Magic    | 1 2 3 4 5 6 7 |  7.0
Poison Magic   | 1 2 3 4 5 6 7 |  7.0
Dodging        | 5 6 7 8 9 |  9.6
Stealth        | 5 6 7 8 9 |  9.4
Conjurations   | 8 9 10 | 10.0

Action                   |  1- 3 |  4- 6 |  7- 9 | 10-12 | 13-15 || total
-------------------------+-------+-------+-------+-------+-------++-------
Melee: Dagger            |     5 |    24 |   189 |   564 |   118 ||   900
       Bite              |       |       |    24 |    90 |    22 ||   136
       Punch             |       |       |     5 |     2 |       ||     7
       Halberd           |       |       |       |   109 |       ||   109
Throw: Dart              |       |       |     6 |    44 |       ||    50
       Boomerang         |       |       |     4 |   196 |       ||   200
 Cast: Magic Dart        |    49 |       |       |       |       ||    49
       Searing Ray       |    10 |     9 |    44 |       |       ||    63
       Dazzling Flash    |       |     2 |     3 |       |       ||     5
       Iskenderun's Myst |       |       |    20 |    75 |    13 ||   108
       Fulminant Prism   |       |       |     6 |    23 |     1 ||    30
Invok: Curse Item        |       |       |       |     6 |     1 ||     7
       Shatter the Chain |       |       |       |     1 |       ||     1
Evoke: Wand              |       |     3 |     1 |    20 |       ||    24
  Use: Potion            |       |     1 |     4 |       |       ||     5
       Scroll            |       |       |    12 |     6 |     2 ||    20
 Stab: Sleeping          |     1 |       |     9 |    13 |     2 ||    25
       Invisible         |       |       |     1 |       |       ||     1
       Distracted        |       |       |       |     2 |       ||     2
Armor: Robe              |       |     4 |    39 |       |       ||    43
       Steam dragon scal |       |       |     9 |   102 |       ||   111
       Troll leather arm |       |       |       |    14 |    32 ||    46
       Leather armour    |       |       |       |    10 |       ||    10
Dodge: Dodged            |     9 |    26 |   219 |   411 |    43 ||   708
Block: Buckler           |       |       |       |   140 |    33 ||   173
